Map: Pylon LE

Players

amgine

  • Race: Zerg Zerg
  • League: Diamond
  • Spawn Location: 5:00

SubN - Winner!

  • Race: Zerg Zerg
  • League: Diamond
  • Spawn Location: 11:00

VOD

Have the link to the VOD?

Description

Time

  • Played on: July 22, 2025, 2:48 p.m.
  • Length: 4:20
Show
View Real Time Build Order
Export as new Build Order

amgine Zerg 

Build Orders: Pool First 

Get SALT Encoding   

  12  0:00  Drone  
  13  0:12  Overlord  
  13  0:18  Drone  
  14  0:31  Drone x2  
  14  0:34  Drone  
  17  0:44  Extractor  
  17  0:46  Drone  
  17  0:51  Spawning Pool  
  17  0:56  Drone  
  17  1:08  Drone  
  18  1:17  Hatchery  
  17  1:25  Drone  
  18  1:40  Zergling x4  
  18  1:41  Queen  
  22  1:51  Overlord  
  22  2:00  Metabolic Boost  
  22  2:15  Drone  
  22  2:16  Drone  
  24  2:27  Baneling Nest  
  24  2:29  Zergling x4  
  25  2:34  Drone  
  26  2:40  Queen  
  26  2:42  Zergling x2, Spine Crawler  
  28  3:01  Zergling x2  
  28  3:03  Zergling x4  
  26  3:08  Zergling x6  
  26  3:15  Zergling x2  
  26  3:24  Zergling x4  
  5  3:37  Zergling x2  
Show
View Real Time Build Order
Export as new Build Order

SubN Zerg - Winner!

Build Orders: Pool First 

Get SALT Encoding   

  12  0:00  Drone  
  13  0:08  Drone  
  13  0:12  Extractor  
  13  0:29  Spawning Pool  
  12  0:56  Hatchery  
  11  1:15  Queen  
  13  1:26  Metabolic Boost  
  13  1:35  Overlord  
  13  1:42  Zergling x2  
  14  1:56  Zergling x4  
  17  2:01  Zergling x2  
  17  2:11  Zergling x4  
  19  2:20  Zergling x4  
  21  2:27  Zergling x2  
  21  2:28  Zergling x4  
  24  2:41  Zergling x6  
  27  2:46  Zergling x2  
  24  3:22  Zergling x2  
  24  3:23  Zergling x6  
Tags
 
Matchup
ZvZ
Race
Zerg
Replay Pack
Multiplayer
Spawn Locations
Cross Positions
Add a new tag
Caveats
  • Supply blocks, unpowered buildings, or Contaminate may cause inaccurate times.
  • Supply counts are checked every 10 seconds.